 Seeded DCSS version 0.27-a0-1105-g946c659c87 (webtiles) character file.

Game seed: 20210428 (custom seed)

5868 Snicker the Covert (level 10, 0/109 HPs)
             Began as a Demonspawn Brigand on Apr 29, 2021.
             Was an Initiate of Gozag.
             Slain by a four-headed hydra (5 damage)
             ... on level 7 of the Dungeon.
             The game lasted 00:17:56 (7576 turns).

Snicker the Covert (Demonspawn Brigand)             Turns: 7576, Time: 00:17:57

Health: 0/109      AC: 25    Str: 12    XL:     10   Next: 52%
Magic:  10/10      EV:  2    Int: 12    God:    Gozag
Gold:   147        SH:  0    Dex: 18    Spells: 4/9 levels left

rFire    . . .     SeeInvis .   a - +2 dagger
rCold    . . .     Faith    .   (no shield)
rNeg     + + +     Spirit   .   (armour currently unavailable)
rPois    +         Reflect  .   (helmet currently unavailable)
rElec    .         Harm     .   (cloak currently unavailable)
rCorr    .         Rampage  .   (gloves currently unavailable)
Will     .....     NoTele   +   (boots unavailable)
Stlth    +++++.....             (no amulet)
HPRegen  0.28/turn              s - ring of positive energy
MPRegen  0.12/turn              (no ring)

@: brilliant, tree-form (expiring)
A: stationary, stasis, torment immunity, boosted hp, (talons 3), (thin metallic
scales 1), (spiny 2)
a: Renounce Religion, Potion Petition, Call Merchant, Bribe Branch


You were on level 7 of the Dungeon.
You worshipped Gozag.
Gozag was aware of your devotion.
You were a tree.
You visited 1 branch of the dungeon, and saw 7 of its levels.

You collected 582 gold pieces.
You paid 435 gold pieces to Gozag.

Inventory:

Hand Weapons
 a - a +2 dagger (weapon)
 b - a +1 whip of electrocution
 v - a +0 dagger of draining
Missiles
 d - 8 poisoned darts (quivered)
Armour
 c - a +0 cloak (melded)
 e - a +0 robe
 n - a +1 hat (melded)
 o - a +1 leather armour of cold resistance (melded)
Jewellery
 i - an amulet of faith
 s - a ring of positive energy (left branch)
Wands
 u - a wand of flame (22)
Scrolls
 f - 4 scrolls of amnesia {unknown}
 g - 4 scrolls of identify {unknown}
 h - a scroll of fear {unknown}
 j - a scroll of vulnerability {unknown}
 m - a scroll of summoning {unknown}
 q - 4 scrolls of immolation {unknown}
 r - a scroll of enchant armour {unknown}
 w - 2 scrolls of magic mapping {unknown}
Miscellaneous
 x - a piece from Xom's chessboard (12/15)


   Skills:
 + Level 4.5 Fighting
 * Level 6.1 Short Blades
 + Level 5.3 Maces & Flails
 + Level 2.6 Throwing
 + Level 3.7 Armour
 + Level 4.9 Dodging
 * Level 10.7 Stealth
 + Level 0.2 Evocations


You had 4 spell levels left.
You knew the following spells:

 Your Spells              Type           Power      Damage    Failure   Level
a - Ensorcelled Hibernat  Hex/Ice        0%         N/A       45%         2
b - Confusing Touch       Hex            0%         N/A       69%         3

Your spell library contained the following spells:

 Spells                   Type           Power      Damage    Failure   Level
 Corona                   Hex            0%         N/A       32%         1
 Magic Dart               Conj           0%         1d3       32%         1
 Searing Ray              Conj           0%         3d3       45%         2
 Dazzling Flash           Conj/Hex       0%         N/A       69%         3
 Tukima's Dance           Hex            0%         N/A       69%         3
 Fulminant Prism          Conj/Hex       0%         3d6       97%         4
 Iskenderun's Mystic Bla  Conj/Tloc      0%         2d3       97%         4


Dungeon Overview and Level Annotations

Branches:
Dungeon (7/15)             Temple (0/1) D:4

Altars:
Ashenzari
Cheibriados
Elyvilon
Gozag
Hepliaklqana
Nemelex Xobeh
Trog
Uskayaw
Xom
Yredelemnul
Zin

Shops:
D:7 :


Innate Abilities, Weirdness & Mutations

You are a tree.
Your roots penetrate the ground, keeping you stationary.
You cannot be teleported.
You are immune to unholy pain and torment.
Your maximum health is greatly increased.
Your equipment is partially melded.
((You have claws for feet.))
((You are partially covered in thin metallic scales. (AC +2)))
((You are mostly covered in sharp spines.))


Message History

Unknown command.
You aren't carrying any potions.
You barely miss the gargoyle.
The gargoyle is moderately damaged.
You make a move on Xom's chessboard...
The gargoyle easily resists.
The gargoyle hurls a stone arrow at you.
The stone arrow hits you!
* * * LOW HITPOINT WARNING * * *
Unknown command.
Okay, then.
Unknown command.
You hit the gargoyle but do no damage.
The gargoyle is moderately damaged.
You barely miss the four-headed hydra. You hit the four-headed hydra.
The four-headed hydra is lightly wounded.
The four-headed hydra bites you but does no damage. x2
The four-headed hydra bites you!
* * * LOW HITPOINT WARNING * * *
The four-headed hydra bites you but does no damage.
Unknown command.
You aren't carrying any potions.
Unknown command.
Unknown command.
Unknown command.
Okay, then.
Unknown command.
Unknown command.
You hit the four-headed hydra.
The four-headed hydra is lightly wounded.
Your transformation is almost over.
The four-headed hydra completely misses you.
The four-headed hydra bites you but does no damage. x3
You hit the four-headed hydra but do no damage.
The four-headed hydra is lightly wounded.
You hit the four-headed hydra.
The four-headed hydra is lightly wounded.
The four-headed hydra bites you.
You die...
Your body crumbles into a pile of gold.

.... .... .....# ♣ ♣ ♣♣♣♣
.....#♣. .♣# ♣⌠.. .....#.#'#.#
♣..♣ .....#.#.#.# ..♣ #♣♣♣
#...#.#.#.########$## ### #..
#...#.#.#.#..$).#...#♣♣.♣♣#.♣♣♣♣
#...#.#.#.♣.♣$♣♣♣.h.♣♣.♣.♣♣.....
#.....#.#...♣.♣.D98<'.♣♣♣...♣♣♣.
#...#.#.#.♣.♣♣♣.♣...♣♣.♣.♣♣.....
##...#.#.#.#.♣
♣.#...#♣♣.♣♣#.♣♣♣♣
.....#)#.#.### ####(## ### #..
##...#.#.#.# ♣...♣ #♣♣♣
.....#.#'#.# ♣V≈≈≈.♣
.....#♣...♣# ...≈≈≈...
.....#♣♣.♣♣ ♣.♣.≈≈≈.♣.♣


You could see a four-headed hydra and a gargoyle.

Vanquished Creatures
  A boulder beetle (D:7)
  Pikel (D:7)
  A deep elf pyromancer (D:7)
  An unseen horror (D:7)
  Prince Ribbit (D:7)
  A hornet (D:6)
  Eustachio (D:4)
  A steam dragon (D:6)
  3 water moccasins (D:5)
  Duvessa (D:7)
  4 black bears
  A sky beast (D:7)
  2 necrophages
  3 ogres
  The ghost of Snicker the Sneak, an amateur DsBr (D:3)
  A lemure (D:7)
  2 centaurs
  3 bullfrogs
  8 scorpions
  A wyvern zombie (D:7)
  Dowan (D:7)
  3 water moccasin skeletons
  2 howler monkeys (D:7)
  A bullfrog zombie (D:3)
  A centaur zombie (D:7)
  2 orc priests
  2 bullfrog skeletons
  A hound (D:6)
  4 centaur skeletons
  A scorpion zombie (D:5)
  4 orc wizards
  6 iguanas
  2 killer bee zombies
  A howler monkey zombie (D:7)
  2 howler monkey skeletons
  4 adders
  A shadow imp (D:7)
  A white imp (D:7)
  2 ufetubi (D:7)
  2 adder skeletons
  A dart slug (D:1)
  4 worms
  19 orcs
  7 ball pythons
  7 bats
  3 endoplasms
  2 giant cockroaches
  7 goblins
  8 hobgoblins
  6 jackals (D:3)
  3 quokkas
  4 frilled lizards
  3 kobolds
  4 rats
159 creatures vanquished.

Vanquished Creatures (others)
  A dart slug (D:1)
1 creature vanquished.

Grand Total: 160 creatures vanquished

Notes
Turn   | Place    | Note
-------+----------+-------------------------------------------
     0 | D:1      | Snicker the Demonspawn Brigand began the quest for the Orb.
     0 | D:1      | Reached XP level 1. HP: 16/16 MP: 1/1
   153 | D:2      | Reached skill level 1 in Dodging
   153 | D:2      | Gained mutation: You are partially covered in sharp spines.
                  | [demonic ancestry]
   153 | D:2      | Reached XP level 2. HP: 22/22 MP: 2/2
   184 | D:2      | Reached skill level 4 in Stealth
   539 | D:2      | Gained mutation: You have sharp toenails. [demonic
                  | ancestry]
   539 | D:2      | Reached XP level 3. HP: 27/27 MP: 3/3
   621 | D:2      | Found a hide-covered altar of Uskayaw.
  1370 | D:3      | Found a hide-covered altar of Uskayaw.
  1478 | D:3      | Reached XP level 4. HP: 25/33 MP: 4/4
  1703 | D:3      | Found a broken altar of Ashenzari.
  1745 | D:3      | Found a runed translucent gate.
  1745 | D:3      | Found a runed translucent gate.
  1747 | D:3      | Found a runed translucent gate.
  1749 | D:3      | Noticed Snicker's ghost (amateur DsBr)
  1764 | D:3      | Reached skill level 5 in Stealth
  1766 | D:3      | Gained mutation: You have razor-sharp toenails. [demonic
                  | ancestry]
  1766 | D:3      | Reached XP level 5. HP: 21/38 MP: 5/5
  1772 | D:3      | Killed Snicker's ghost
  1773 | D:3      | Reached skill level 1 in Maces & Flails
  1786 | D:3      | Reached skill level 6 in Stealth
  1786 | D:3      | Reached XP level 6. HP: 3/44 MP: 6/6
  2391 | D:4      | Found a hazy altar of Hepliaklqana.
  2547 | D:4      | Found a sparkling altar of Nemelex Xobeh.
  2870 | D:4      | Found a staircase to the Ecumenical Temple.
  2914 | D:4      | Noticed Eustachio
  2927 | D:4      | Killed Eustachio
  2928 | D:4      | Gained mutation: You are mostly covered in sharp spines.
                  | [demonic ancestry]
  2928 | D:4      | Reached XP level 7. HP: 38/51 MP: 7/7
  3075 | D:4      | Found a snail-covered altar of Cheibriados.
  3294 | D:5      | Entered Level 5 of the Dungeon
  3413 | D:5      | Reached skill level 7 in Stealth
  3902 | D:5      | Found a bloodstained altar of Trog.
  3919 | D:5      | Reached skill level 1 in Armour
  3919 | D:5      | Gained mutation: You are partially covered in thin metallic
                  | scales. (AC +2) [demonic ancestry]
  3919 | D:5      | Reached XP level 8. HP: 55/58 MP: 8/8
  4219 | D:5      | Found an opulent altar of Gozag.
  4220 | D:5      | Found a basalt altar of Yredelemnul.
  4226 | D:5      | Became a worshipper of Gozag Ym Sagoz the Greedy
  4271 | D:6      | Reached skill level 8 in Stealth
  4677 | D:6      | Found a shimmering altar of Xom.
  4684 | D:6      | Gained mutation: You have claws for feet. [demonic
                  | ancestry]
  4684 | D:6      | Reached XP level 9. HP: 64/64 MP: 9/9
  5380 | D:6      | Reached skill level 5 in Short Blades
  5518 | D:6      | Reached skill level 9 in Stealth
  6073 | D:7      | Found Zyarr's Book Shop.
  6173 | D:7      | Noticed Prince Ribbit
  6194 | D:7      | Killed Prince Ribbit
  6220 | D:7      | Noticed a boulder beetle
  6248 | D:7      | Killed a boulder beetle
  6249 | D:7      | Reached skill level 10 in Stealth
  6302 | D:7      | Noticed Pikel
  6311 | D:7      | Noticed Dowan
  6315 | D:7      | Noticed Duvessa
  6321 | D:7      | Reached XP level 10. HP: 71/72 MP: 10/10
  6329 | D:7      | Killed Pikel
  6345 | D:7      | Killed Duvessa
  6348 | D:7      | Killed Dowan
  6444 | D:7      | Learned a level 2 spell: Ensorcelled Hibernation
  6448 | D:7      | Learned a level 3 spell: Confusing Touch
  7185 | D:7      | Reached skill level 5 in Maces & Flails
  7499 | D:7      | Noticed a deep elf pyromancer
  7518 | D:7      | Killed a deep elf pyromancer
  7522 | D:7      | Noticed a gargoyle
  7569 | D:7      | Noticed a four-headed hydra
  7573 | D:7      | HP: 4/109 [four-headed hydra (7)]
  7576 | D:7      | Slain by a four-headed hydra

Illustrated notes

Levels and vault maps discovered:
D:1:      psy_arrival_terrarium, layout_loops_cross,
          hellmonk_ecumenical_altar_crossroads, minivault_26,
          lemuel_flame_loot_1
D:2:      layout_loops_corners, basic_altar, amethyst_killhole
D:3:      layout_rooms, lemuel_tele_altar, nicolae_uskayaw_dance_hall,
          nicolae_ashenzari_skybound, gammafunk_ghost_necromancy,
          portal_sewer_entry_b, guppyfry_early_orc_mine
D:4:      layout_basic, elyvilon_altar_4, nicolae_overflow_crystal_walls,
          slow_altar_2, nicolae_hepliaklqana_hazy_memory,
          minmay_temple_entry_slanted, uniq_eustachio
D:5:      layout_rooms, trog_ov_bears_minmay, gammafunk_temple_overflow_pools,
          hangedman_decor_opposing, minmay_misc_feat_square,
          minmay_misc_feat_nine_boxes
D:6:      layout_basic, xom_butterflies, serial_glass, glass_columns_c,
          glass_columns_a, minmay_strange_pillars
D:7:      nzn_winding_woodlands_stair_cross
          [nzn_winding_woodlands_5x15_sidewinder,
          nzn_winding_woodlands_center_triple_pond,
          nzn_winding_woodlands_5x15_pool,
          nzn_winding_woodlands_5x5_closed_star,
          nzn_winding_woodlands_5x5_three, nzn_winding_woodlands_5x15_crooked,
          nzn_winding_woodlands_center_pierced_h,
          nzn_winding_woodlands_5x15_longhouse], layout_basic, fedhas_altar_2,
          serial_shops, shop, uniq_harold, uniq_pikel, uniq_duvessa,
          uniq_prince_ribbit1

Skill      XL: |  1  2  3  4  5  6  7  8  9 10 |
---------------+-------------------------------+-----
Short Blades   | 2 3 4 5 6 |  6.1
Dodging        | 1 2 3 4 |  4.9
Stealth        | 4 5 6 7 8 10 | 10.7
Maces & Flails | 1 2 3 4 5 |  5.3
Fighting       | 3 4 |  4.5
Armour         | 1 2 3 |  3.7
Throwing       | 2 |  2.6
Evocations     | |  0.2

Action                   |  1- 3 |  4- 6 |  7- 9 | 10-12 || total
-------------------------+-------+-------+-------+-------++-------
Melee: Dagger            |    37 |    14 |    44 |    47 ||   142
       Whip              |    21 |    59 |   122 |    74 ||   276
       Kick              |     7 |    17 |    54 |    24 ||   102
Throw: Dart              |     2 |       |     5 |       ||     7
       Throwing net      |       |       |     4 |       ||     4
Invok: Potion Petition   |       |       |       |     1 ||     1
Evoke: Piece from Xom's  |       |       |     1 |     4 ||     5
       Wand              |       |       |       |     1 ||     1
  Use: Potion            |       |     3 |       |     6 ||     9
 Stab: Sleeping          |     8 |     5 |    10 |     2 ||    25
       Distracted        |       |     1 |       |       ||     1
       Held in net/web   |       |       |     3 |       ||     3
       Petrified         |       |       |     1 |       ||     1
Armor: Robe              |    14 |    21 |       |       ||    35
       Leather armour    |       |       |    48 |    16 ||    64
       Skin              |       |       |       |    24 ||    24
Dodge: Dodged            |    27 |    52 |    68 |    53 ||   200

Table legend: (Time is in decaauts)
 A = Elapsed time spent in this place.
 B = Non-inter-level travel time spent in this place.
 C = Inter-level travel time spent in this place.
 D = Time resting spent in this place.
 E = Time spent auto-exploring this place.
 F = Levels seen in this place.
 G = Mean time per level.
                   A        B        C        D        E       F      G
               +--------+--------+--------+--------+--------+-----+--------+
         Total |   7491 |   7253 |    238 |   1755 |   4274 |   7 | 1070.1 |
       Dungeon |   7491 |   7253 |    238 |   1755 |   4274 |   7 | 1070.1 |
               +--------+--------+--------+--------+--------+-----+--------+

Top non-repeatable levels by time:
     D:6: 1660 daAuts
     D:7: 1604 daAuts
     D:2: 1082 daAuts
     D:4: 1049 daAuts
     D:3: 1000 daAuts
     D:5: 946 daAuts
     D:1: 147 daAuts
